 Dungeon Sprint DCSS version 0.30-a0-737-gf23d94013f (webtiles) character file.

Game seed: 9296359215621242658

24 sircluck the Charlatan (level 3, 0/20 HPs)
             Began as a Kobold Artificer on Feb 1, 2023.
             Slain by an ogre
             ... wielding a +0 giant spiked club
              (20 damage)
             ... in the Dungeon (Sprint I: "Red Sonja").
             The game lasted 00:00:47 (19 turns).

sircluck the Charlatan (Kobold Artificer)             Turns: 19, Time: 00:00:47

Health: 0/20       AC:  3    Str: 11    XL:     3   Next: 15%
Magic:  3/3        EV: 15    Int: 12    God:
Gold:   0          SH:  0    Dex: 15    Spells: 2/2 levels left

rFire   . . .      SeeInvis .    a - +0 club
rCold   . . .      Faith    .    (no shield)
rNeg    . . .      Spirit   .    b - +0 leather armour
rPois   .          Reflect  .    (no helmet)
rElec   .          Harm     .    (no cloak)
rCorr   .          Rampage  .    (no gloves)
Will    .....      NoTele   +    (no boots)
Stlth   +++                      (no amulet)
HPRegen 0.23/turn                (no ring)
MPRegen 0.08/turn                (no ring)

@: no status effects
A: small, no large weapons, nightstalker 3
a: no special abilities


You were in the Dungeon.
You visited 1 branch

Inventory:

Hand Weapons
 a - a +0 club (weapon)
Armour
 b - a +0 leather armour (worn)
 m - a +0 ring mail
Wands
 c - a wand of flame (10) (quivered)
 d - a wand of charming (15)
 e - a wand of iceblast (4)
 l - a wand of digging (8)
Scrolls
 k - a scroll of blinking
Potions
 f - a potion of curing
 g - a potion of heal wounds
 h - a potion of haste
 i - 2 potions of magic
 j - a potion of berserk rage


   Skills:
 + Level 1.4 Fighting
 + Level 1.0 Armour
 + Level 3.7 Dodging
 + Level 1.3 Stealth
 + Level 7.0 Evocations


You had 2 spell levels left.
You didn't know any spells.
Your spell library was empty.

Dungeon Overview and Level Annotations

Branches:
Dungeon (1/1)

Altars:


Innate Abilities, Weirdness & Mutations

You are small and have problems with some larger weapons.
You are completely attuned to the shadows.


Message History

Aiming: Throw Flame
Press: ? - help, Q - select action, (/) - cycle Shift-Dir - straight line, f/p - Ijyb
Aim: Ijyb, wielding a +0 club, wearing a +0 ring mail and carrying a wand of digging (8) (severely wounded, 68% to hit)
The puff of flame hits Ijyb!
You kill Ijyb!
Your Armour skill increases to level 1!
Your Dodging skill increases to level 3!
Your Evocations skill gained 4 levels and is now at level 7!
You have reached level 2!
You have reached level 3!
Your experience leads to an increase in your attributes!
Increase (S)trength, (I)ntelligence, or (D)exterity?
You feel stronger. x2
l - a wand of digging (8)
There is an open door here.
Things that are here:
a +0 club; a +0 ring mail
m - a +0 ring mail You open the door.
An ogre comes into view. It is wielding a +0 giant spiked club.
Aiming: Throw Flame
Press: ? - help, Q - select action, (/) - cycle Shift-Dir - straight line, f - ogre
Aim: an ogre, wielding a +0 giant spiked club (asleep, 100% to hit)
The puff of flame hits the ogre!
The ogre is moderately wounded.
There is an open door here.
You see here a +0 club.
Aiming: Throw Flame
Press: ? - help, Q - select action, (/) - cycle Shift-Dir - straight line, f/p - ogre
Aim: an ogre, wielding a +0 giant spiked club (moderately wounded, 88% to hit)
The puff of flame hits the ogre.
The ogre is heavily wounded.
Aiming: Throw Flame
Press: ? - help, Q - select action, (/) - cycle Shift-Dir - straight line, f/p - ogre
Aim: an ogre, wielding a +0 giant spiked club (heavily wounded, 88% to hit)
The puff of flame hits the ogre!
The ogre is severely wounded.
The ogre hits you with a +0 giant spiked club!!
Ouch! That really hurt!
You die...

##########
#<.#..'..#
#..)..#..+
#.O#### +#
#@.# #..#
#..# #⌠⌠#
####


You could see an ogre.

Vanquished Creatures
  Ijyb (D)
1 creature vanquished.

Notes
Turn   | Place    | Note
-------+----------+-------------------------------------------
     0 | D        | sircluck the Kobold Artificer began the quest for the Orb.
     0 | D        | Reached XP level 1. HP: 12/12 MP: 1/1
     2 | D        | Noticed Ijyb
     5 | D        | Killed Ijyb
     6 | D        | Reached skill level 1 in Armour
     6 | D        | Reached skill level 7 in Evocations
     6 | D        | Reached XP level 2. HP: 16/16 MP: 2/2
     6 | D        | Reached XP level 3. HP: 20/20 MP: 3/3
    12 | D        | Noticed an ogre
    19 | D        | Slain by an ogre

Illustrated notes

Levels and vault maps discovered:
D:        dungeon_sprint_1 [red_sonja_temple_1, red_sonja_temple_small_1]

Skill      XL: |  1 |
---------------+----+-----
Armour         | 1 |  1.0
Dodging        | 3 |  3.7
Evocations     | 7 |  7.0
Fighting       | |  1.4
Stealth        | |  1.3

Action                     || total
---------------------------++-------
  Evoke: Wand              ||     6

Table legend: (Time is in decaauts)
 A = Elapsed time spent in this place.
 B = Non-inter-level travel time spent in this place.
 C = Inter-level travel time spent in this place.
 D = Time resting spent in this place.
 E = Time spent auto-exploring this place.
 F = Levels seen in this place.
 G = Mean time per level.
                   A        B        C        D        E       F      G
               +--------+--------+--------+--------+--------+-----+--------+
         Total |     19 |     19 |      0 |      0 |      0 |   1 |   19.0 |
       Dungeon |     19 |     19 |      0 |      0 |      0 |   1 |   19.0 |
               +--------+--------+--------+--------+--------+-----+--------+

Top non-repeatable levels by time:
       D: 19 daAuts
